Description

This double Extractor Trick Hatchery opener prioritizes a fast economy while maintaining a safe early-game setup with quick Queens and flexible scouting. It transitions smoothly into a Roach-based defense against early aggression or a standard macro game, with an early third Hatchery if no significant pressure is detected.

VOD

https://youtu.be/BvxV37uzVLc?si=cPOtXbYV0b_Xcsp4

Build Order

Get SALT Encoding   

  12  0:30  Extractor  Extractor Trick
  13  0:55  Hatchery  
  13  1:05  Extractor  Extractor trick again
  13  1:08  Overlord  
  13  1:25  Spawning Pool  Bank minerals on 18 supply for queens
  18  2:13  Queen x2  
  23  2:15  Zergling  Scout or defend with these
  24  2:25  Overlord x2  
  30  2:58  Queen  
  40  3:25  Extractor x2  
  42  3:30  Roach Warren  Build 4-5 safety roaches
  48  4:00  Hatchery  3rd Base-Tech switch if necessary
Spawning Tool Build Advisor. Get it on Overwolf

Go to:

Details

  • Created by: immadawalrus
  • Published on: Jul 13, 2026
  • Modified on: Jul 13, 2026
  • Patch: 5.0.16
  • Difficulty: Easy
Show
View Real Time Build Order
Export as new Build Order

Comments (0)

There are no comments. Be the first!

Create an account to comment!